 Dungeon Crawl Stone Soup version 0.27.1 (webtiles) character file.

Game seed: 11248904157039818871

54433 YellowTheWhite the Blocker (level 15, 0/129 HPs)
             Began as a Human Fighter on Aug 26, 2021.
             Was a Priest of Nemelex Xobeh.
             Splashed with acid (22 damage)
             ... on level 1 of the Pits of Slime.
             The game lasted 01:33:39 (21690 turns).

YellowTheWhite the Blocker (Human Fighter)         Turns: 21690, Time: 01:33:40

Health: 0/129      AC: 17    Str: 24    XL:     15   Next: 14%
Magic:  15/15      EV: 21    Int: 14    God:    Nemelex Xobeh [***...]
Gold:   1453       SH: 16    Dex: 23    Spells: 11/14 levels left

rFire    . . .     SeeInvis .   E - +4 rapier (venom)
rCold    . . .     Faith    .   c - +1 kite shield
rNeg     . . .     Spirit   .   A - +4 troll leather armour
rPois    .         Reflect  .   a - +3 helmet of Repulsion {+Blink Dex+2}
rElec    .         Harm     .   (no cloak)
rCorr    .         Rampage  .   I - +1 pair of gloves {Dex+3}
Will     +....                  S - +0 pair of boots
Stlth    ++++......             N - amulet of Vitality {Regen+ HP+15}
HPRegen  2.31/turn              o - +6 ring of strength
MPRegen  0.14/turn              i - +6 ring of intelligence

@: about to teleport
A: thin skeletal structure 1, clumsy 1
a: Renounce Religion, Evoke Blink, Draw Escape, Draw Destruction, Draw
Summoning, Triple Draw


You were on level 1 of the Pits of Slime.
You worshipped Nemelex Xobeh.
Nemelex Xobeh was most pleased with you.
You visited 3 branches of the dungeon, and saw 17 of its levels.
You also visited: Trove.

You collected 1572 gold pieces.
You spent 119 gold pieces at shops.

Inventory:

Hand Weapons
 z - the +6 rapier of Seeziod {flame, Fly rN+}
   (You found it on level 1 of the Lair of Beasts)

   It burns those it strikes, dealing additional fire damage.
   rN:        It protects you from negative energy.
   Fly:       It grants you flight.
 C - the +10 long sword of Amorality {pain, Will+ SInv}
   (You found it on level 10 of the Dungeon)

   In the hands of one skilled in necromantic magic, it inflicts extra damage on
   living creatures.
   SInv:      It lets you see invisible.
   Will:      It increases your willpower.
 E - a +4 rapier of venom (weapon)
 G - the +7 Spriggan's Knife {stab, EV+4 Stlth+}
   (You found it in a treasure trove)

   It is more effective when stabbing unaware enemies, treating them as though
   they were completely helpless.
   EV:        It affects your evasion (+4).
   Stlth:     It makes you more stealthy.
 L - the +10 scimitar of Raodamyq {flame, rF+ rN+ rCorr Str+2}
   (You found it in a treasure trove)

   It burns those it strikes, dealing additional fire damage.
   Big, fiery blades are also staple armaments of hydra-hunters.
   Str:       It affects your strength (+2).
   rF:        It protects you from fire.
   rN:        It protects you from negative energy.
   rCorr:     It protects you from acid and corrosion.
Missiles
 H - 29 poisoned darts (quivered)
Armour
 a - the +3 helmet of Repulsion (worn) {+Blink Dex+2}
   (You took it off Robin on level 4 of the Dungeon)

   Dex:       It affects your dexterity (+2).
   +Blink:    It lets you blink.
 c - a +1 kite shield (worn)
 A - a +4 troll leather armour (worn)
 I - a +1 pair of gloves of dexterity (worn)
 S - a +0 pair of boots (worn)
Magical Staves
 u - a staff of fire
Jewellery
 b - a ring of magical power
 g - an amulet of magic regeneration
 i - a +6 ring of intelligence (right hand)
 n - a ring of ice
 o - a +6 ring of strength (left hand)
 J - a ring of resist corrosion
 N - the amulet of Vitality (around neck) {Regen+ HP+15}
   (You found it on level 8 of the Dungeon)

   [amulet of regeneration]

   HP:        It affects your health (+15).
   Regen:     It increases your rate of health regeneration.
Wands
 d - a wand of digging (5)
 y - a wand of paralysis (14)
 D - a wand of flame (38)
 P - a wand of mindburst (7)
Scrolls
 e - 4 scrolls of amnesia
 h - 10 scrolls of identify
 l - 4 scrolls of teleportation
 v - 2 scrolls of magic mapping
 w - a scroll of vulnerability
 K - a scroll of fog
 Q - 2 scrolls of noise
 R - a scroll of torment {unknown}
Potions
 f - a potion of lignification
 j - 5 potions of haste
 k - a potion of heal wounds
 m - 5 potions of flight
 p - a potion of magic
 q - a potion of might
 r - 2 potions of brilliance
 s - a potion of resistance
 t - 3 potions of attraction
 x - 8 potions of curing
 B - a potion of cancellation
 F - a potion of berserk rage
 M - a potion of invisibility {unknown}
 O - a potion of mutation


   Skills:
 + Level 9.6 Fighting
 + Level 12.5(12.7) Short Blades
 + Level 3.7(9.0) Long Blades
 + Level 0.3 Throwing
 + Level 7.1 Armour
 + Level 11.5 Dodging
 + Level 5.3 Stealth
 + Level 14.0 Shields
 + Level 0.1 Poison Magic
 + Level 1.1 Invocations
 + Level 0.3 Evocations


You had 11 spell levels left.
You knew the following spells:

 Your Spells              Type           Power      Damage    Failure   Level
a - Sting                 Tmut/Pois      0%         1d3       36%         1
b - Poisonous Vapours     Pois/Air       0%         N/A       47%         2

Your spell library contained the following spells:

 Spells                   Type           Power      Damage    Failure   Level
 Foxfire                  Conj/Fire      0%         2x1d4     36%         1
 Freeze                   Ice            0%         1d3       36%         1
 Pain                     Necr           0%         1d4       36%         1
 Call Canine Familiar     Summ           0%         N/A       73%         3
 Conjure Flame            Conj/Fire      0%         6-21      73%         3
 Frozen Ramparts          Ice            0%         1d2       73%         3
 Inner Flame              Hex/Fire       0%         N/A       73%         3
 Ozocubu's Armour         Ice            0%         N/A       73%         3
 Portal Projectile        Hex/Tloc       0%         N/A       73%         3
 Summon Guardian Golem    Hex/Summ       0%         N/A       73%         3
 Hailstorm                Conj/Ice       0%         3d3       98%         4
 Leda's Liquefaction      Hex/Erth       0%         N/A       98%         4
 Olgreb's Toxic Radiance  Pois           0%         N/A       98%         4
 Summon Ice Beast         Ice/Summ       0%         N/A       98%         4
 Agony                    Necr           0%         N/A       100%        5
 Excruciating Wounds      Necr           0%         N/A       100%        5
 Summon Mana Viper        Hex/Summ       0%         N/A       100%        5
 Monstrous Menagerie      Summ           0%         N/A       100%        7
 Orb of Destruction       Conj           0%         N/A       100%        7
 Ozocubu's Refrigeration  Ice            0%         4d5       100%        7
 Spellforged Servitor     Conj/Summ      0%         N/A       100%        7


Dungeon Overview and Level Annotations

Branches:
Dungeon (11/15)            Temple (0/1) D:5            Lair (6/6) D:10
  Slime (1/5) Lair:6
  Swamp: Lair:2-4    Shoals: Lair:2-4     Snake: Lair:2-4    Spider: Lair:2-4
    Orc: D:9-12

Altars:
Cheibriados
Gozag
Hepliaklqana
Makhleb
Nemelex Xobeh
Uskayaw
Jiyva

Shops:
D:1 *   D:6 ::

Portals:
Hell: Lair:6

Annotations:
D:6 2 runed translucent doors, VolelikeOfTheReadme's ghost, novice DjFE


Innate Abilities, Weirdness & Mutations

You have a somewhat thin skeletal structure. (Dex +2, Stealth+)
You are clumsy. (Dex -2)


Message History

The large slime creature barely misses you.
The slime creature hits you but does no damage.
You closely miss the slime creature.
The slime creature is moderately wounded.
The slime creature completely misses you.
The great orb of eyes completely misses you.
The slime creature misses you.
You barely miss the large slime creature.
The large slime creature is lightly wounded.
The large slime creature misses you. The slime creature closely misses you.
The slime creature hits you but does no damage.
You puncture the large slime creature!
The large slime creature is lightly wounded.
The great orb of eyes completely misses you.
The slime creature hits you but does no damage.
You barely miss the slime creature.
The slime creature is lightly wounded.
The large slime creature hits you!! The slime creature hits you.
The slime creature hits you but does no damage.
You puncture the large slime creature!
The large slime creature is moderately wounded.
The great orb of eyes bites you. The slime creature barely misses you.
The large slime creature hits you.
You hit the slime creature.
The slime creature is moderately wounded.
The slime creature closely misses you. The slime creature hits you!
The great orb of eyes bites you but does no damage.
You closely miss the slime creature.
The slime creature is moderately wounded.
The slime creature completely misses you.
The large slime creature misses you.
You are splashed with acid!!
* * * LOW HITPOINT WARNING * * *
You feel less confused.
Two slime creatures merge to form a large slime creature.
You block the great orb of eyes's attack.
As you read the scroll of teleportation, it crumbles to dust.
You feel strangely unstable.
You are splashed with acid!!
You die...
Your body disappears without a glow.

## ### ....#...#
##.###.## .........#
#.......###...........
#........##..........
###...................
#.#....<.............
#...##................
##.# ##.JJ...>......#
#... ##@G..........##
##.# ##J............
### #..#......#.....#
.................
#................
#.................
##.##............. ##
#..........###
##......#...#


You could see a great orb of eyes, 2 large slime creatures and a slime creature
(very poisoned).

Vanquished Creatures
  Gastronok (D:10)
  Fannar (D:10)
  A hell beast (Lair:6)
  11 hydras
  A two-headed ogre (D:9)
  5 death yaks (Lair:6)
  Urug (D:10)
  Sonja (D:10)
  A fire crab (Lair:6)
  4 deep trolls
  A lindwurm (Lair:6)
  A wizard (Lair:6)
  Pikel (D:8)
  Joseph (D:9)
  2 black mambas
  18 elephants
  2 molten gargoyles (Lair:3)
  An orange demon (Lair:6)
  A water nymph (D:10)
  12 cane toads
  2 rime drakes (Lair:6)
  An ice devil (Lair:6)
  7 komodo dragons
  A kobold demonologist (D:8)
  A hellwing (Lair:6)
  3 red devils (Lair:6)
  A troll (D:7)
  A polar bear (Lair:6)
  A hornet (D:9)
  3 slime creatures (Slime:1)
  15 blink frogs
  12 dream sheep
  A shadow (D:9)
  20 yaks
  3 wraiths
  5 wyverns
  A basilisk (Lair:2)
  Grum (D:9)
  4 steam dragons
  4 hell hounds (Lair:6)
  An acid dragon (D:8)
  10 water moccasins
  A hornet zombie (D:7)
  An ice beast (D:7)
  A sky beast (D:7)
  5 orc warriors
  2 ogres
  2 necrophages (D:4)
  6 centaurs
  14 wolves
  A lemure (D:8)
  2 phantoms
  4 kobold brigands
  2 gnoll sergeants
  6 bullfrogs
  5 scorpions
  10 killer bees
  4 howler monkeys
  An electric eel (D:6)
  A bullfrog zombie (D:6)
  4 centaur zombies
  4 lava snakes (Lair:3)
  5 hounds
  A bullfrog skeleton (D:4)
  A centaur skeleton (D:5)
  4 orc priests
  2 jellies (D:8)
  A gnoll shaman (D:9)
  3 iguanas
  A scorpion zombie (D:4)
  9 orc wizards
  A hound skeleton (D:4)
  A howler monkey zombie (D:5)
  Robin (D:4)
  21 gnolls
  6 adders
  A shadow imp (D:7)
  A white imp (D:6)
  4 worms
  4 dart slugs
  38 orcs
  5 endoplasms
  3 giant cockroaches
  17 goblins
  9 hobgoblins
  2 jackals (D:4)
  17 kobolds
  2 quokkas
  9 ball pythons
  3 bats
  3 frilled lizards
  6 rats
422 creatures vanquished.

Vanquished Creatures (collateral kills)
  2 rime drakes (Lair:6)
  A polar bear (Lair:6)
  A yak (D:10)
4 creatures vanquished.

Vanquished Creatures (others)
  Erolcha (D:9)
  39 fungi
  35 plants
75 creatures vanquished.

Grand Total: 501 creatures vanquished

Notes
Turn   | Place    | Note
-------+----------+-------------------------------------------
     0 | D:1      | YellowTheWhite the Human Fighter began the quest for the
                  | Orb.
     0 | D:1      | Reached XP level 1. HP: 18/18 MP: 1/1
    77 | D:1      | Reached XP level 2. HP: 24/24 MP: 2/2
   253 | D:1      | Found Syrup's General Store.
   260 | D:1      | Bought a scroll of identify for 28 gold pieces
   631 | D:2      | Reached XP level 3. HP: 22/29 MP: 3/3
  1003 | D:2      | You fall into a shaft and drop 2 floors!
  1324 | D:2      | Reached XP level 4. HP: 22/35 MP: 4/4
  2105 | D:1      | Bought a scroll of amnesia for 49 gold pieces
  2105 | D:1      | Bought a scroll of teleportation for 42 gold pieces
  3101 | D:3      | Reached XP level 5. HP: 17/41 MP: 5/5
  4276 | D:4      | Gained mutation: You evolve. [potion of mutation]
  4276 | D:4      | Gained mutation: Armour fits poorly on your strangely
                  | shaped body. [potion of mutation]
  4412 | D:4      | Reached skill level 4 in Shields
  4715 | D:4      | Found a hazy altar of Hepliaklqana.
  4732 | D:4      | Reached XP level 6. HP: 36/47 MP: 6/6
  4878 | D:4      | Reached skill level 1 in Dodging
  5001 | D:4      | Noticed a necrophage
  5015 | D:4      | Killed a necrophage
  5118 | D:4      | Found a snail-covered altar of Cheibriados.
  5250 | D:4      | Found a hide-covered altar of Uskayaw.
  5288 | D:4      | Found a burning altar of Makhleb.
  5519 | D:4      | Reached XP level 7. HP: 51/53 MP: 7/7
  5540 | D:4      | Gained mutation: You are clumsy. (Dex -2) [evolution]
  5586 | D:4      | Identified the +3 helmet of Repulsion {+Blink Dex+2}
  5586 | D:4      | Noticed Robin
  5599 | D:4      | Killed Robin
  6572 | D:5      | Entered Level 5 of the Dungeon
  6709 | D:5      | Noticed a steam dragon
  6710 | D:5      | Noticed a steam dragon
  6732 | D:5      | Killed a steam dragon
  6733 | D:5      | Reached skill level 5 in Short Blades
  6733 | D:5      | Reached skill level 1 in Stealth
  7725 | D:5      | Killed a steam dragon
  7766 | D:5      | Lost mutation: Armour fits poorly on your strangely shaped
                  | body. [evolution]
  7876 | D:5      | Reached XP level 8. HP: 61/61 MP: 8/8
  7893 | D:5      | Found a staircase to the Ecumenical Temple.
  8250 | D:4      | Reached skill level 5 in Shields
  8299 | D:5      | Reached skill level 5 in Armour
  9198 | D:6      | Reached XP level 9. HP: 66/66 MP: 9/9
  9446 | D:6      | Found a large runed translucent door.
  9446 | D:6      | Found a large runed translucent door.
  9456 | D:6      | Noticed VolelikeOfTheReadme's ghost (novice DjFE)
  9557 | D:6      | Reached skill level 5 in Fighting
  9573 | D:6      | Reached skill level 6 in Shields
  9703 | D:5      | Gained mutation: You have a somewhat thin skeletal
                  | structure. (Dex +2, Stealth+) [evolution]
  9947 | D:6      | Found Miesch's Book Boutique.
  9969 | D:6      | Found Seucuxkoam's Book Emporium.
 11550 | D:7      | Found a sparkling altar of Nemelex Xobeh.
 11555 | D:7      | Became a worshipper of Nemelex Xobeh the Trickster
 11600 | D:7      | Noticed a troll
 11647 | D:8      | Found a flagged portal.
 11868 | D:7      | Killed a troll
 11869 | D:7      | Reached skill level 5 in Dodging
 11869 | D:7      | Reached skill level 7 in Shields
 11869 | D:7      | Reached XP level 10. HP: 41/75 MP: 10/10
 12712 | D:8      | Noticed Pikel
 12736 | D:8      | Killed Pikel
 12855 | D:8      | Noticed a komodo dragon
 12871 | D:8      | Reached skill level 8 in Shields
 12958 | D:8      | Killed a komodo dragon
 13036 | D:8      | Noticed a kobold demonologist
 13037 | D:8      | Noticed a seven-headed hydra
 13077 | D:8      | Killed a seven-headed hydra
 13089 | D:8      | Killed a kobold demonologist
 13156 | D:8      | Reached XP level 11. HP: 37/81 MP: 11/11
 13161 | D:8      | HP: 3/81 [acid (13)]
 13245 | D:8      | Reached skill level 9 in Shields
 13550 | D:8      | Noticed a deep troll
 13664 | D:7      | Killed a deep troll
 13736 | D:8      | Noticed a deep troll
 13738 | D:8      | Reached * piety under Nemelex Xobeh
 13768 | D:7      | Killed a deep troll
 13769 | D:7      | Reached skill level 10 in Shields
 13863 | D:8      | Noticed a deep troll
 13891 | D:8      | Killed a deep troll
 13961 | D:8      | Noticed a deep troll
 13962 | D:8      | Found the amulet of Vitality {Regen+ HP+15}
 14011 | D:8      | Killed a deep troll
 14085 | D:8      | Received a gift from Nemelex Xobeh
 14343 | D:9      | Noticed a two-headed ogre
 14371 | D:9      | Killed a two-headed ogre
 14528 | D:9      | Noticed Grum
 14557 | D:9      | Killed Grum
 14568 | D:9      | Noticed Joseph
 14626 | D:9      | Noticed Erolcha
 14682 | D:9      | Killed Erolcha
 14702 | D:9      | Killed Joseph
 14703 | D:9      | Reached XP level 12. HP: 91/91 MP: 12/12
 14776 | D:9      | Reached skill level 11 in Shields
 14801 | D:9      | Learned a level 1 spell: Sting
 14804 | D:9      | Learned a level 2 spell: Poisonous Vapours
 15037 | D:9      | Reached ** piety under Nemelex Xobeh
 15261 | D:10     | Entered Level 10 of the Dungeon
 15308 | D:10     | Received a gift from Nemelex Xobeh
 15359 | D:10     | Identified the +10 long sword of Amorality {pain, Will+
                  | SInv}
 15365 | D:10     | Noticed Fannar
 15391 | D:10     | Reached skill level 1 in Long Blades
 15560 | D:10     | Found a staircase to the Lair.
 15680 | D:10     | Noticed Sonja
 15687 | D:10     | Killed Sonja
 15693 | D:10     | Found a portal to a secret trove of treasure.
 15704 | Trove    | Entered a treasure trove
 15707 | Trove    | Found the +7 Spriggan's Knife {stab, EV+4 Stlth+}
 15723 | Trove    | Identified the +10 scimitar of Raodamyq {flame, rF+ rN+
                  | rCorr Str+2}
 16117 | D:10     | Noticed Urug
 16137 | D:10     | Killed Urug
 16250 | D:10     | Killed Fannar
 16404 | D:10     | Noticed Nergalle
 16408 | D:10     | Noticed Nergalle
 16408 | D:10     | Nergalle changed into Nergalle the water nymph
 16424 | D:10     | Killed Nergalle the water nymph
 16459 | D:10     | Found an opulent altar of Gozag.
 16616 | D:10     | Noticed Gastronok
 16641 | D:10     | Killed Gastronok
 16786 | Lair:1   | Entered Level 1 of the Lair of Beasts
 16910 | Lair:1   | Identified the +6 rapier of Seeziod {flame, Fly rN+}
 16958 | Lair:1   | Noticed a seven-headed hydra
 16973 | Lair:1   | Killed a seven-headed hydra
 17079 | Lair:1   | Noticed an eight-headed hydra
 17088 | Lair:1   | Killed an eight-headed hydra
 17089 | Lair:1   | Reached XP level 13. HP: 81/98 MP: 13/13
 18033 | Lair:2   | Reached skill level 10 in Short Blades
 18033 | Lair:2   | Reached skill level 12 in Shields
 18316 | Lair:2   | Lost mutation: You evolve. [evolution]
 18507 | Lair:2   | Received a gift from Nemelex Xobeh
 18938 | Lair:3   | You fall into a shaft and drop 2 floors!
 19027 | Lair:5   | Reached skill level 10 in Dodging
 19104 | Lair:5   | Reached skill level 5 in Stealth
 19143 | Lair:5   | Received a gift from Nemelex Xobeh
 19275 | Lair:5   | Noticed a six-headed hydra
 19296 | Lair:5   | Killed a six-headed hydra
 19395 | Lair:5   | Reached *** piety under Nemelex Xobeh
 19405 | Lair:5   | Noticed an eight-headed hydra
 19418 | Lair:5   | Killed an eight-headed hydra
 19419 | Lair:5   | Reached XP level 14. HP: 78/106 MP: 14/14
 19860 | Lair:6   | Entered Level 6 of the Lair of Beasts
 20171 | Lair:6   | Reached skill level 13 in Shields
 20400 | Lair:6   | Received a gift from Nemelex Xobeh
 20416 | Lair:6   | Found a burning altar of Makhleb.
 20471 | Lair:6   | Reached skill level 1 in Invocations
 20535 | Lair:6   | Found a gateway to Hell.
 20816 | Lair:6   | Found a staircase to the Slime Pits.
 20818 | Lair:6   | Found a viscous altar of Jiyva.
 20887 | Lair:6   | Received a gift from Nemelex Xobeh
 21096 | Lair:6   | Reached XP level 15. HP: 114/114 MP: 15/15
 21425 | Lair:6   | Reached skill level 14 in Shields
 21623 | Slime:1  | Entered Level 1 of the Pits of Slime
 21690 | Slime:1  | Splashed with acid

Illustrated notes

Levels and vault maps discovered:
D:1:      dpeg_arrival_pond, layout_rooms, serial_shops, nicolae_square_shop,
          serial_bayou_lagoon_b
D:2:      layout_basic, chequers_decorated_corner
D:3:      layout_loops_ring
D:4:      layout_loops_cross, mainiacjoe_overflow_chevrons, slow_altar_1,
          mainiacjoe_overflow_small_starburst, mainiacjoe_overflow_alcove_2,
          minmay_between, uniq_robin
D:5:      kennysheep_steamy, layout_basic, minmay_temple_entry_ruins
D:6:      layout_rooms, ebering_ghost_disaster_area, nicolae_wooded_promenade
D:7:      layout_loops_corners, nemelex_diamond_rough_becter, grunt_potential
D:8:      minmay_the_grid_octo_tiled_squarecenter
          [minmay_the_grid_octo_fan_narrow, minmay_the_grid_octo_teeth,
          minmay_the_grid_octo_checkered, minmay_the_grid_octo_concentric,
          minmay_the_grid_square_5x5_megaprize_hollow,
          minmay_the_grid_square_5x5_six_small, minmay_the_grid_square_5x5_n,
          minmay_the_grid_square_5x5_inner_z,
          minmay_the_grid_square_5x5_moneybag], layout_loops_ring,
          enter_bailey_2, st_stairs_8,
          hellmonk_guarded_unrand_vitality_bloodlust, uniq_pikel
D:9:      layout_basic, uniq_erolcha, uniq_joseph, uniq_grum
D:10:     layout_stronghold, nicolae_gozag_cash_rules_everything_around_me,
          lair_entry_dummy, enter_trove_1, uniq_fannar, uniq_nergalle,
          uniq_urug, uniq_gastronok, uniq_sonja
D:11:     layout_long_grid
Lair:1:   layout_cave_pods, grunt_megastairs_4
Lair:2:   layout_cave_pods
Lair:3:   cheibrodos_magma_flow, layout_chaotic_city,
          guppyfry_snake_entry_garden, guppyfry_lair_drakes,
          infiniplex_staircase_pool_2, lemuel_fruit_tree
Lair:5:   layout_loops_ring, grunt_megastairs_2
Lair:6:   evil_forest, layout_regular_city, slime_altar_1, grunt_megastairs_1
Slime:1:  layout_caves

Skill      XL: |  1  2  3  4  5  6  7  8  9 10 11 12 13 14 15 |
---------------+----------------------------------------------+-----
Short Blades   | 3 4 5 6 8 9 11 12 | 12.5
Shields        | 4 5 7 8 10 11 12 13 14 | 14.0
Dodging        | 1 2 3 5 6 7 9 10 11 | 11.5
Armour         | 4 5 6 7 |  7.1
Fighting       | 4 5 6 7 8 9 |  9.6
Stealth        | 1 2 3 4 5 |  5.3
Long Blades    | 2 3 |  3.7
Invocations    | 1 |  1.1
Throwing       | |  0.3
Poison Magic   | |  0.1
Evocations     | |  0.3

Action                   |  1- 3 |  4- 6 |  7- 9 | 10-12 | 13-15 || total
-------------------------+-------+-------+-------+-------+-------++-------
Melee: Rapier            |   110 |   232 |   108 |   137 |   957 ||  1544
       Dagger            |       |       |   509 |   765 |       ||  1274
       Long sword        |       |       |       |    54 |     7 ||    61
       Knife             |       |       |       |    30 |       ||    30
Throw: Dart              |       |       |       |     4 |     3 ||     7
 Cast: Sting             |       |       |       |     2 |     1 ||     3
       Poisonous Vapours |       |       |       |     2 |       ||     2
Invok: Draw Destruction  |       |       |       |     2 |     7 ||     9
       Draw Escape       |       |       |       |     1 |       ||     1
       Draw Summoning    |       |       |       |     1 |       ||     1
       Triple Draw       |       |       |       |       |     2 ||     2
 Abil: Evoke Blink       |       |       |       |     1 |       ||     1
Evoke: Wand              |       |       |       |     1 |     2 ||     3
  Use: Potion            |       |     4 |     3 |     4 |       ||    11
       Scroll            |       |     3 |     9 |     9 |     5 ||    26
 Stab: Sleeping          |       |       |     1 |     6 |     4 ||    11
       Distracted        |       |       |       |     2 |     2 ||     4
Armor: Scale mail        |    32 |       |       |       |       ||    32
       Ring mail         |    25 |    67 |   176 |       |       ||   268
       Troll leather arm |       |       |       |   241 |   237 ||   478
Dodge: Dodged            |    37 |    83 |   211 |   441 |   645 ||  1417
Block: Kite shield       |    53 |   127 |   325 |   665 |   815 ||  1985
       Rpst.: Long sword |       |       |       |     9 |       ||     9
